AoeStats
← fico121112

Arabia

505136606Analyzed
1v1 RM · 25d ago on Sep 8, 2026· 59m 13s· 2 players
Game mode
Random Map
Map size
Tiny (2 player)
Population
200
Speed
Normal
Resources
Standard
Victory
Conquest
Starting age
Dark Age
Ending age
Imperial Age
RankedLock teamsTeams togetherTeam positionsShared explorationLock speedFull tech treeHidden civsTurbo modeCheats
Victory
Defeat
🇦🇷 Hindustanis · Argentina
885
+19
🇭🇷 Lithuanians · Croatia
902
-17
Franklin
0:26 Loom
10:00 Feudal Age
10:55 Double-Bit Axe
17:15 Castle Age
15:04 Horse Collar
19:56 Heavy Plow
23:55 Bow Saw
27:40 Forging
27:35 Scale Barding Armor
30:26 Iron Casting
30:14 Chain Barding Armor
31:30 Grand Trunk Road
34:55 Bloodlines
36:19 Ballistics
36:10 Padded Archer Armor
36:37 Husbandry
40:44 Imperial Age
40:33 Wheelbarrow
42:05 Hand Cart
41:17 Heavy Camel Rider
43:54 Chemistry
44:19 Siege Engineers
45:56 Blast Furnace
50:02 Plate Barding Armor
51:11 Two-Man Saw
50:19 Imperial Camel Rider
52:53 Leather Archer Armor
53:08 Conscription
fico121112
8:27 Loom
11:29 Feudal Age
13:21 Double-Bit Axe
16:58 Horse Collar
21:06 Castle Age
21:59 Forging
21:52 Scale Mail Armor
25:19 Bow Saw
25:13 Gold Mining
27:08 Wheelbarrow
26:13 Light Cavalry
27:05 Bloodlines
27:34 Stone Mining
28:22 Scale Barding Armor
30:44 Heavy Plow
32:10 Bloodlines
32:04 Husbandry
37:37 Imperial Age
35:09 Fletching
35:58 Iron Casting
37:42 Hand Cart
38:08 Town Watch
39:00 Conscription
39:23 Hoardings
38:43 Winged Hussar
41:26 Two-Man Saw
40:57 Crop Rotation
41:06 Stone Shaft Mining
44:08 Chain Barding Armor
43:44 Bodkin Arrow
44:07 Chain Mail Armor
43:52 Padded Archer Armor
45:52 Pikeman
46:33 Squires
48:21 Cavalier
50:22 Halberdier
52:00 Paladin
55:18 Tower Shields
57:44 Chemistry
57:09 Ballistics
Connection lost

Rejoining the realm…

Still unreachable

The connection could not be restored.

Session expired

The server has moved on; the page needs a fresh start.